 Dungeon Crawl Stone Soup version 0.22-a0-271-gc000056a37 (webtiles) character file.

0 Manul the Ducker (level 1, -2/11 HPs)
             Began as a Spriggan Abyssal Knight on Mar 10, 2018.
             Was a Follower of Lugonu.
             Slain by an ancient zyme (3 damage)
             ... on level 3 of the Abyss.
             The game lasted 00:01:16 (164 turns).

Manul the Ducker (Spriggan Abyssal Knight)           Turns: 164, Time: 00:01:17

Health: -2/11      AC:  2    Str:  8    XL:     1   Next: 0%
Magic:  3/3        EV: 15    Int: 13    God:    Lugonu [*.....]
Gold:   72         SH:  0    Dex: 11    Spells: 0/0 levels left

rFire    . . .     SeeInvis +   a - +1 short sword
rCold    . . .     Gourm    .   (shield restricted)
rNeg     . . .     Faith    .   b - +0 robe
rPois    .         Spirit   .   (helmet restricted)
rElec    .         Reflect  .   (no cloak)
rCorr    .         Harm     .   (gloves unavailable)
MR       .....                  (boots unavailable)
Stlth    +.........             (no amulet)
HPRegen  0.00/turn              (no ring)
MPRegen  0.08/turn              (no ring)

@: non-regenerating, diseased, constricted, very quick
A: very small, unfitting armour, see invisible, [clumsy 2], herbivore, speed 3,
slow metabolism 2, [MP-powered wands]
a: Depart the Abyss, Renounce Religion


You were on level 3 of the Abyss.
You worshipped Lugonu.
Lugonu was aware of your devotion.
You were not hungry.

You visited 0 branches of the dungeon, and saw 0 of its levels.
You visited the Abyss 1 time.

You collected 72 gold pieces.

Inventory:

Hand Weapons
 a - a +1 short sword (weapon)
 d - a +2 long sword of holy wrath
Armour
 b - a +0 robe (worn)
Comestibles
 c - a ration


   Skills:
 + Level 2.4 Fighting
 + Level 2.1 Short Blades
 + Level 3.5 Dodging
 + Level 1.7 Invocations


You couldn't memorise any spells.
You didn't know any spells.

Dungeon Overview and Level Annotations

Branches:
Dungeon (0/15)

Altars:


Innate Abilities, Weirdness & Mutations

You are very small and have problems with some larger weapons.
You are too small for most types of armour.
You have supernaturally acute eyesight. (SInv)
You are a herbivore.
You cover ground extremely quickly.
You need to consume almost no food.
[You are very clumsy. (Dex -4)]
[You expend magic power (3 MP) to strengthen your wands.]


Message History

The wretched star pulses with an eldritch light!
You feel your magical essence link to your wands.
There is an open door here.
A starspawn tentacle comes into view.
A chorus of shrieks assaults your mind.
Ouch! That really hurt!
You hit the starcursed mass.
The starcursed mass is lightly damaged.
The starcursed mass shudders and is absorbed by its neighbour.
The wretched star pulses with an eldritch light!
You feel clumsy. x2
A starcursed mass splits.
The starspawn tentacle grabs you.
* * * LOW HITPOINT WARNING * * *
The starspawn tentacle constricts you.
A large abomination comes into view.
Unknown command.
You hit the starcursed mass but do no damage.
The starcursed mass is lightly damaged.
The ancient zyme barely misses you. The ancient zyme hits you.
You die...

# .## ##X
w...# .#
#..# ... .#
#..# w.. ..#
#..*.
..##..#
#...##.w...#
#..XXw─X..#
#...@..####
##..#x##..#
#
####∩##..#.#
###... ..# .
. #......# #
#. #
#...#(###
##.#.### #
##.#.##
#..##.# #
#..#.####.#
###_
.....#.# .##
....#


You could see 2 starcursed masses, a tentacled starspawn, a wretched star, an
ancient zyme, a large abomination and 2 starspawn tentacles.

Vanquished Creatures (others)
  2 starspawn tentacles (Abyss:3)
2 creatures vanquished.

Notes
Turn   | Place    | Note
-------+----------+-------------------------------------------
     0 | Abyss:1  | Manul the Spriggan Abyssal Knight began the quest for the Orb.
     0 | Abyss:1  | Reached XP level 1. HP: 11/11 MP: 3/3
    20 | Abyss:2  | Found a corrupted altar of Lugonu.
    60 | Abyss:3  | Noticed a jelly
    82 | Abyss:3  | Noticed a jelly
    87 | Abyss:3  | Found a corrupted altar of Lugonu.
   155 | Abyss:3  | Noticed an ancient zyme
   160 | Abyss:3  | Noticed a wretched star
   160 | Abyss:3  | Noticed a tentacled starspawn
   160 | Abyss:3  | Noticed a tentacled starspawn
   160 | Abyss:3  | Noticed a starcursed mass
   164 | Abyss:3  | Noticed a large abomination
   164 | Abyss:3  | Slain by an ancient zyme

Vault maps used:
Abyss:1:  bh_abyss_negative
Abyss:2:  evilmike_abyss_exit_1
Abyss:3:  hangedman_grunt_abyss_rune_horror_hoard, evilmike_abyss_exit_16

Action                   || total
-------------------------++-------
Melee: Short sword       ||     2
Dodge: Dodged            ||     4

Table legend:
 A = Spawn XP
 B = Non-spawn XP
 C = Spawn XP percentage of total XP
 D = Spawn monster count
 E = Non-spawn monster count
 F = Spawn count percentage of total count
 G = Total turns spent on level
                    A         B        C        D         E        F      G
               +---------+---------+-------+---------+---------+-------+---------
         Total |       0 |       0 |   N/A |       0 |       0 |   N/A |   164
               +---------+---------+-------+---------+---------+-------+---------
               +---------+---------+-------+---------+---------+-------+---------
